 Dungeon Crawl Stone Soup version 0.27-a0-1347-gd8886f0a89 (webtiles) character file.

Game seed: 340243183346031738

56 dickylongcocking the Magician (level 4, -7/31 HPs)
             Began as a Djinni Fire Elementalist on June 28, 2021.
             Mangled by an orc (9 damage)
             ... on level 2 of the Dungeon.
             The game lasted 00:01:45 (1394 turns).

dickylongcocking the Magician (DjFE)                Turns: 1394, Time: 00:01:46

Health: -7/31      AC:  2    Str:  7    XL:     4   Next: 17%
Gold:   53         EV: 12    Int: 18    God:
                   SH:  0    Dex: 13

rFire    + + .     SeeInvis .   (no weapon)
rCold    x . .     Faith    .   (no shield)
rNeg     . . .     Spirit   .   a - +0 robe
rPois    ∞         Reflect  .   (no helmet)
rElec    .         Harm     .   (no cloak)
rCorr    .         Rampage  .   (no gloves)
Will     .....                  (boots unavailable)
Stlth    ++........             (no amulet)
HPRegen  0.10/turn              (no ring)
MPRegen  0.00/turn              (no ring)

@: flying
A: sickness immunity, fire resistance 2, cold vulnerability 1, float, innate
caster, hp casting, extra vitality 1
a: no special abilities


You were on level 2 of the Dungeon.
You visited 1 branch of the dungeon, and saw 2 of its levels.

You collected 53 gold pieces.

Inventory:

Armour
 a - a +0 robe (worn)
Scrolls
 b - 2 scrolls of identify {unknown}
 c - a scroll of teleportation {unknown}
 d - a scroll of fog {unknown}
 e - a scroll of amnesia {unknown}


   Skills:
 + Level 2.4 Dodging
 + Level 2.0 Stealth
 + Level 3.4 Spellcasting


You couldn't memorise any spells.
You knew the following spells:

 Your Spells              Type           Power      Damage    Failure   Level
a - Foxfire               Conj/Fire      60%        2x1d7     3%          1
b - Conjure Flame         Conj/Fire      15%        6-21      12%         3
c - Inner Flame           Hex/Fire       15%        N/A       12%         3
d - Sticky Flame          Conj/Fire      15%        2d4       36%         4
e - Fireball              Conj/Fire      7%         3d5       71%         5
f - Magic Dart            Conj           60%        1d6       3%          1
Your spell library was empty.

Dungeon Overview and Level Annotations

Branches:
Dungeon (1/15)

Altars:


Innate Abilities, Weirdness & Mutations

You are immune to sickness and miasma.
You are immune to poison.
Your flesh is very heat resistant. (rF++)
You are vulnerable to cold. (rC-)
You float through the air rather than walking.
You learn spells naturally, not from books.
Your magical power is your life essence.
You have superior vitality. (+4 HP)


Message History

The orc wizard is heavily wounded.
The foxfire hits the orc wizard.
The orc wizard is almost dead.
Unknown command.
Unknown command.
The foxfire hits the orc wizard.
You kill the orc wizard!
Your Stealth skill increases to level 2!
You have reached level 4!
You feel clever.
You start resting.
An orc comes into view. It is wielding a +0 trident.
An orc is nearby!
An orc is nearby!
An orc is nearby!
An orc is nearby!
Casting: Foxfire (safe; 3% risk of failure)
Confirm with . or Enter, or press ? or * to list all spells.
You conjure some foxfire!
The orc shouts!
* * * LOW HITPOINT WARNING * * *
Your foxfire dissipates!
Unknown command.
Unknown command.
The foxfire hits the orc but does no damage.
The foxfire hits the orc.
The orc is heavily wounded.
You see here a jackal corpse.
An orc wizard comes into view. It is wielding a +0 dagger.
Casting: Foxfire (safe; 3% risk of failure)
Confirm with . or Enter, or press ? or * to list all spells.
You conjure some foxfire!
The orc wizard shouts!
* * * LOW HITPOINT WARNING * * *
You hear an angry hiss.
The orc wizard mumbles some strange words.
The orc wizard flickers and vanishes!
Deactivating autopickup; reactivate with Ctrl-A.
The orc hits you from afar with a +0 trident!
You die...

. $.. ...>
#####.....
#####..†{...#
#....)v#......
#....@v# .....
#....†.# ....
#....o.# ...
#......# #..
#.....)####....
#.....(........
#.......#######
#####.#........
#.#..#####.


You could see an orc (ally target).

Vanquished Creatures
  An orc wizard (D:2)
  A dart slug (D:1)
  An orc (D:2)
  5 endoplasms
  2 giant cockroaches
  2 goblins
  3 hobgoblins
  3 jackals (D:2)
  3 ball pythons
  2 bats (D:1)
  3 frilled lizards
  A kobold (D:1)
  A rat (D:2)
28 creatures vanquished.

Vanquished Creatures (others)
  93 foxfires
93 creatures vanquished.

Grand Total: 121 creatures vanquished

Notes
Turn   | Place    | Note
-------+----------+-------------------------------------------
     0 | D:1      | dickylongcocking the Djinni Fire Elementalist began the
                  | quest for the Orb.
     0 | D:1      | Reached XP level 1. HP: 15/15 MP: 0/0
   345 | D:1      | Reached XP level 2. HP: 10/21 MP: 0/0
  1215 | D:1      | You are sucked into a shaft and drop 1 floor!
  1221 | D:2      | Reached XP level 3. HP: 21/25 MP: 0/0
  1221 | D:2      | Learned a level 1 spell: Magic Dart
  1223 | D:2      | Reached skill level 3 in Spellcasting
  1389 | D:2      | Reached XP level 4. HP: 4/31 MP: 0/0
  1394 | D:2      | Mangled by an orc

Illustrated notes

Levels and vault maps discovered:
D:1:      minmay_arrival_four_houses, layout_loops_cross
D:2:      layout_basic, serial_shops, shop_fountains, shop,
          ebering_ecumenical_altar_rust, fountainhead

Skill      XL: |  1  2  3 |
---------------+----------+-----
Spellcasting   | 3 |  3.4
Stealth        | 2 |  2.0
Dodging        | |  2.4

Action                   |  1- 3 |  4- 6 || total
-------------------------+-------+-------++-------
Melee: Unarmed           |     5 |       ||     5
 Cast: Foxfire           |    58 |     2 ||    60
       Magic Dart        |    11 |       ||    11
Armor: Robe              |     4 |       ||     4
Dodge: Dodged            |    27 |       ||    27

Table legend: (Time is in decaauts)
 A = Elapsed time spent in this place.
 B = Non-inter-level travel time spent in this place.
 C = Inter-level travel time spent in this place.
 D = Time resting spent in this place.
 E = Time spent auto-exploring this place.
 F = Levels seen in this place.
 G = Mean time per level.
                   A        B        C        D        E       F      G
               +--------+--------+--------+--------+--------+-----+--------+
         Total |   1393 |   1393 |      0 |      0 |   1247 |   2 |  696.5 |
       Dungeon |   1393 |   1393 |      0 |      0 |   1247 |   2 |  696.5 |
               +--------+--------+--------+--------+--------+-----+--------+

Top non-repeatable levels by time:
     D:1: 1215 daAuts
     D:2: 178 daAuts
